 Dungeon Crawl Stone Soup version 0.14-a0-1773-ge500af7 (webtiles) character file.

3340 PolkaDot the Conjurer (level 9, 0/57 HPs)
             Began as a Vampire Conjurer on Jan 7, 2014.
             Was an Initiate of Vehumet.
             Shot with a sling bullet by Joseph (2 damage)
             ... on Level 8 of the Dungeon.
             The game lasted 00:40:30 (7732 turns).

PolkaDot the Conjurer (Vampire Conjurer)            Turns: 7732, Time: 00:40:31

HP   0/57        AC  8     Str 12      XL: 9   Next: 51%
MP  20/23        EV 12     Int 20      God: Vehumet [......]
Gold 393         SH  0     Dex 14      Spells:  3 memorised,  6 levels left

rFire  . . .     SeeInvis +     t - +2,+1 dwarf cutlass
rCold  . . .     Clarity  .     r - +2 elf robe {MR+}
rNeg   . . .     Conserve +     (no shield)
rPois  .         rCorr    +     (no helmet)
rElec  .         rRot     .     s - +2 cloak {rCorr, Cons} (curse)
SustAb . .       Spirit   .     (no gloves)
rMut   .         Warding  .     y - +0 pair of boots
Saprov . . .     Stasis   .     (no amulet)
                                h - ring of magical power
                                q - ring of sustenance

@: regenerating quickly, mighty, quite resistant to hostile enchantments,
stealthy
A: bottle blood, fangs 3, see invisible, unbreathing
a: Bottle Blood, Renounce Religion


You were on level 8 of the Dungeon.
You worshipped Vehumet.
Vehumet was noncommittal.
You were very full.

You visited 2 branches of the dungeon, and saw 9 of its levels.

You collected 393 gold pieces.

Inventory:

Hand weapons
 t - a +2,+1 dwarven cutlass (weapon)
Armour
 r - a +2 elven robe of magic resistance (worn)
 s - a cursed +2 cloak of preservation (worn)
 y - a +0 pair of boots (worn)
Scrolls
 b - 8 scrolls of remove curse
 g - 2 scrolls of amnesia
 x - a scroll of recharging
Jewellery
 h - a ring of magical power (right hand)
 j - an uncursed ring of fire
 q - a ring of sustenance (left hand)
 u - an uncursed ring of flight
Potions
 d - a potion of heal wounds
 n - 2 potions of curing
 v - a potion of poison {!q}
Books
 c - a book of Conjurations

   Spells                             Type                      Level
   *Magic Dart                        Conjuration                  1
   *Searing Ray                       Conjuration                  2
   Dazzling Spray                     Conjuration/Hexes            3
   Iskenderun's Mystic Blast          Conjuration                  4
   Iskenderun's Battlesphere          Conjuration/Charms           4
   Fulminant Prism                    Conjuration/Hexes            5
 m - a book of the Tempests

   Spells                             Type                      Level
   *Static Discharge                  Conjuration/Air              3
   Lightning Bolt                     Conjuration/Air              5
   Fireball                           Conjuration/Fire             5
   Tornado                            Air                          9
   Shatter                            Earth                        9
Magical staves
 p - an uncursed staff of fire
 w - an uncursed staff of cold


   Skills:
 - Level 2.1 Dodging
 - Level 3.0 Stealth
 - Level 2.0 Spellcasting
 + Level 9.9 Conjurations
 * Level 5.0 Air Magic


You had 6 spell levels left.
You knew the following spells:

 Your Spells              Type           Power        Failure   Level  Hunger
a - Magic Dart            Conj           ####         1%          1    #......
s - Searing Ray           Conj           #####.       1%          2    ##.....
z - Static Discharge      Conj/Air       ####....     2%          3    ###....


Dungeon Overview and Level Annotations

Branches:
Dungeon (8/16)             Temple (1/1) D:7
   Lair: D:8-11

Altars:
Ashenzari
Cheibriados
Kikubaaqudgha
Makhleb
Sif Muna
Trog
Vehumet
Xom
the Shining One

Annotations:
D:8 Joseph


Innate Abilities, Weirdness & Mutations

Your natural rate of healing is unusually fast.
You can bottle blood from corpses.
You have razor-sharp teeth.*
You have supernaturally acute eyesight.
You can survive without breathing.*


Message History

Press: ? - help, Shift-Dir - straight line, f - Joseph
Aim: Joseph, wielding a quarterstaff, wearing a leather armour and carrying a wand of cold {zapped: 1} The searing ray hits Joseph.
Joseph is lightly wounded.
A ballistomycete grows in the wake of the spore.
Joseph zaps a wand.
The bolt of cold hits you!
The searing ray hits Joseph.
Joseph is moderately wounded.
Joseph zaps a wand.
The bolt of cold hits you!
* * * LOW HITPOINT WARNING * * *
An orc comes into view.
Drink which item? (? for menu, Esc to quit)
You feel much better.
The giant spore explodes!
The explosion of spores engulfs you!
Ouch! That really hurt!
* * * LOW HITPOINT WARNING * * *
Joseph unwields an uncursed quarterstaff.
Joseph wields a sling.
Joseph shoots a sling bullet.
The sling bullet hits you!
You die...

######### #.......#
#######@#######
#..f.......@.#
.######.###.# ##
#.# #.# ..@# #.#
#.###...## #.#
#.#.......# #.#
#.@........
#####.#####.......#
#..<...)........##


You could see Joseph and an active ballistomycete.

Vanquished Creatures
  Pikel (D:5)
  Prince Ribbit (D:6)
  Eustachio (D:7)
  Edmund (D:7)
  A phantom (D:7)
  2 slaves (D:5)
  3 ogres
  Duvessa (D:5)
  The ghost of wojtek the Cudgeler, an average TeGl (D:3)
  2 centaurs
  4 wights (D:6)
  A giant frog zombie (D:7)
  Dowan (D:5)
  3 crimson imps
  2 jellies
  2 hounds
  5 orc priests
  A scorpion (D:4)
  Crazy Yiuf (D:3)
  A centaur skeleton (D:6)
  5 orc wizards
  2 worker ants
  An iguana (D:4)
  3 halflings (D:2)
  Ijyb (D:3)
  A hound skeleton (D:6)
  11 adders
  8 gnolls
  3 giant mites
  An inept feature mimic (D:6)
  3 worms
  A giant eyeball (D:8)
  3 giant geckos
  24 orcs
  2 ball pythons
  12 bats
  A bat zombie (D:6)
  4 giant cockroaches
  12 goblins
  17 hobgoblins
  6 quokkas
  3 giant newts
  A hobgoblin skeleton (D:7)
  4 jackals
  21 kobolds
  16 rats
  A plant (D:2)
202 creatures vanquished.

Vanquished Creatures (others)
  A giant frog (D:5)
  A giant spore (D:8)
2 creatures vanquished.

Grand Total: 204 creatures vanquished

Notes
Turn   | Place    | Note
--------------------------------------------------------------
     0 | D:1      | PolkaDot, the Vampire Conjurer, began the quest for the Orb.
     0 | D:1      | Reached XP level 1. HP: 13/13 MP: 3/3
   290 | D:1      | Reached XP level 2. HP: 14/19 MP: 1/4
   730 | D:1      | Learned a level 2 spell: Searing Ray
   807 | D:1      | Reached XP level 3. HP: 21/24 MP: 3/6
  1293 | D:2      | Reached skill level 4 in Conjurations
  1298 | D:2      | Reached XP level 4. HP: 30/30 MP: 7/7
  1428 | D:2      | Found a shattered altar of Ashenzari.
  2045 | D:2      | Reached XP level 5. HP: 29/35 MP: 9/9
  2130 | D:2      | Reached skill level 5 in Conjurations
  2672 | D:3      | Noticed wojtek's ghost (average TeGl)
  2697 | D:3      | Killed wojtek's ghost
  2697 | D:3      | Reached XP level 6. HP: 5/41 MP: 6/10
  3072 | D:3      | Noticed Ijyb
  3074 | D:3      | Noticed Crazy Yiuf
  3081 | D:3      | Killed Crazy Yiuf
  3084 | D:3      | Killed Ijyb
  3084 | D:3      | Reached skill level 6 in Conjurations
  3094 | D:3      | Identified a +2 cloak of preservation (You took it off Crazy Yiuf on level 3 of the Dungeon)
  3509 | D:4      | Reached XP level 7. HP: 17/46 MP: 8/12
  3649 | D:4      | Found a burning altar of Makhleb.
  3777 | D:4      | Got a brightly glowing chain mail
  4112 | D:4      | Reached skill level 7 in Conjurations
  4238 | D:5      | Entered Level 5 of the Dungeon
  4529 | D:5      | Noticed Pikel
  4600 | D:5      | Killed Pikel
  4600 | D:5      | Reached skill level 8 in Conjurations
  4600 | D:5      | Reached XP level 8. HP: 10/52 MP: 2/13
  4726 | D:5      | Noticed Dowan
  4727 | D:5      | Noticed Duvessa
  4747 | D:5      | Killed Duvessa
  4767 | D:5      | Killed Dowan
  4953 | D:5      | Identified the +0 chain mail of the Forgotten Souls {rPois Dam+2} (You found it on level 4 of the Dungeon)
  5323 | D:6      | Reached skill level 9 in Conjurations
  5774 | D:6      | Learned a level 3 spell: Static Discharge
  6188 | D:7      | Noticed Prince Ribbit
  6201 | D:6      | Killed Prince Ribbit
  6201 | D:6      | Reached XP level 9. HP: 30/57 MP: 14/14
  6332 | D:7      | Found a snail-covered altar of Cheibriados.
  6410 | D:7      | Found a staircase to the Ecumenical Temple.
  6418 | Temple   | Entered the Ecumenical Temple
  6523 | Temple   | Became a worshipper of Vehumet
  6804 | D:7      | Noticed Edmund
  6887 | D:7      | Killed Edmund
  7124 | D:7      | Noticed Eustachio
  7155 | D:7      | Killed Eustachio
  7565 | D:8      | Paralysed by a giant eyeball for 2 turns
  7654 | D:8      | Reached skill level 5 in Air Magic
  7668 | D:8      | Noticed Joseph
  7732 | D:8      | HP: 2/57 [spore (30)]
  7732 | D:8      | Shot with a sling bullet by Joseph

Action                   |  1- 3 |  4- 6 |  7- 9 || total
-------------------------+-------+-------+-------++-------
Melee: Unarmed           |    13 |       |       ||    13
       Short sword       |     3 |   104 |       ||   107
       Staff             |       |    19 |    88 ||   107
       Dagger            |       |       |    59 ||    59
       Cutlass           |       |       |     6 ||     6
 Cast: Magic Dart        |    54 |     5 |    27 ||    86
       Searing Ray       |     5 |    28 |    75 ||   108
Evoke: Wand              |       |     1 |     3 ||     4
  Use: Potion            |     1 |       |     7 ||     8
       Scroll            |       |     1 |    18 ||    19
 Stab: Sleeping          |       |     3 |     5 ||     8
